AoeStats
← Joey_did_it

Glade

510381514Analyzed
1v1 RM · 1d ago on Sep 30, 2026· 93m 45s· 2 players
Game mode
Random Map
Map size
Tiny (2 player)
Population
200
Speed
Normal
Resources
Standard
Victory
Conquest
Starting age
Dark Age
Ending age
Imperial Age
RankedLock teamsTeams togetherTeam positionsShared explorationLock speedFull tech treeHidden civsTurbo modeCheats
Victory
Defeat
🇩🇪 Japanese · Germany
407
+16
🇺🇸 Goths · United States
406
-16
Joey_did_it
14:10 Feudal Age
16:15 Horse Collar
16:07 Man-at-Arms
23:22 Loom
33:43 Castle Age
89:46 Husbandry
Daninassa
0:26 Loom
10:48 Feudal Age
11:40 Double-Bit Axe
11:37 Horse Collar
17:01 Gold Mining
17:02 Stone Mining
18:07 Town Watch
18:57 Wheelbarrow
22:12 Castle Age
22:59 Heavy Plow
23:11 Bow Saw
23:39 Gold Shaft Mining
23:07 Town Patrol
24:48 Hand Cart
26:50 Thumb Ring
26:06 Crossbowman
28:08 Fortified Wall
31:51 Forging
31:32 Fletching
31:43 Padded Archer Armor
36:17 Imperial Age
34:06 Leather Archer Armor
33:47 Bodkin Arrow
35:46 Iron Casting
35:12 Scale Mail Armor
35:17 Scale Barding Armor
36:49 Yasama
38:36 Two-Man Saw
37:55 Arbalester
38:59 Conscription
39:18 Hoardings
40:55 Ring Archer Armor
42:17 Bracer
43:17 Blast Furnace
42:34 Chain Mail Armor
44:11 Guard Tower
44:41 Ballistics
45:22 Chemistry
44:08 Arrowslits
44:20 Murder Holes
44:25 Elite Samurai
45:33 Chain Barding Armor
45:20 Treadmill Crane
45:51 Masonry
46:19 Plate Mail Armor
49:10 Siege Engineers
49:41 Keep
54:35 Careening
54:36 Clinker Construction
54:46 Shipwright
56:01 Fervor
56:06 Block Printing
55:52 Atonement
56:17 Illumination
55:48 Herbal Medicine
56:28 Theocracy
55:54 Devotion
56:04 Redemption
56:15 Sanctity
56:01 Caravan
56:32 Coinage
58:00 Dry Dock
58:00 Carvel Hull
58:23 Banking
59:15 Kataparuto
72:47 Faith
73:31 Arson
73:47 Squires
73:32 Gambesons
73:08 Pikeman
73:08 Man-at-Arms
74:16 Parthian Tactics
73:12 Heavy Cavalry Archer
73:12 Elite Skirmisher
75:30 Husbandry
75:42 Bloodlines
74:53 Cavalier
74:54 Light Cavalry
74:58 Capped Ram
74:58 Onager
74:59 Heavy Scorpion
75:11 Spies/Treason
84:01 Halberdier
84:01 Long Swordsman
Connection lost

Rejoining the realm…

Still unreachable

The connection could not be restored.

Session expired

The server has moved on; the page needs a fresh start.